TOP OF THE 1ST |
Kane County Cougars batting - Pitching for Binghamton Mets : RHP Salvatore Garcia
|
Pitching: RHP Salvatore Garcia
|
|
Batting: LHB Willie Gutierrez
|
0-0: Fly out, F5 (Popup, 5SF, EV 70.6 MPH)
|
Batting: RHB Franklin Villanueva
|
0-0: Ball 1-0: Called Strike 1-1: Fly out, F6 (Popup, P, EV 83.1 MPH)
|
Batting: LHB Kevin Ferguson
|
0-0: Ball 1-0: Ball 2-0: Ball 3-0: Called Strike 3-1: Base on Balls
|
Batting: RHB Dave Vargas
|
0-0: Ball Kevin Ferguson steals 2nd base 1-0: Foul Ball, location: 2F 1-1: Ball 2-1: Ball 3-1: Foul Ball, location: 2F 3-2: Base on Balls
|
Batting: RHB Marlon Reda
|
0-0: Called Strike 0-1: Called Strike 0-2: Ball 1-2: Foul Ball, location: 2F 1-2: Ground out 4-3 (Groundball, 4, EV 88.1 MPH)
|
Top of the 1st over - 0 runs, 0 hits, 0 errors, 2 left on base; Kane County 0 - Binghamton 0 |
BOTTOM OF THE 1ST |
Binghamton Mets batting - Pitching for Kane County Cougars : RHP Eric Richards
|
Pitching: RHP Eric Richards
|
|
Batting: LHB Jose Chavez
|
0-0: Ball 1-0: Swinging Strike 1-1: Ball 2-1: Ball 3-1: Swinging Strike 3-2: Strikes out swinging
|
Batting: RHB Andy Solorzano
|
0-0: Ball 1-0: Ball 2-0: Called Strike 2-1: Foul Ball, location: 2F 2-2: Foul Ball, location: 2F 2-2: Foul Ball, location: 2F 2-2: Foul Ball, location: 2F 2-2: Foul Ball, location: 2F 2-2: Ball 3-2: Fly out, F6 (Popup, 6M, EV 72.5 MPH)
|
Batting: LHB Nate Trahan
|
0-0: Swinging Strike 0-1: Called Strike 0-2: Hit by Pitch
|
Batting: RHB Steve Dunaway
|
0-0: Ground out 4-3 (Groundball, 4, EV 80.6 MPH)
|
Bottom of the 1st over - 0 runs, 0 hits, 0 errors, 1 left on base; Kane County 0 - Binghamton 0 |
TOP OF THE 2ND |
Kane County Cougars batting - Pitching for Binghamton Mets : RHP Salvatore Garcia
|
Batting: LHB T.J. Duvall
|
0-0: Ball 1-0: Called Strike 1-1: Ball 2-1: Ball 3-1: Base on Balls
|
Batting: RHB John Pena
|
0-0: Ball T.J. Duvall steals 2nd base 1-0: Ball 2-0: Foul Ball, location: 2F 2-1: Called Strike 2-2: Ball 3-2: Base on Balls
|
Batting: RHB Curt Barrett
|
0-0: Ball 1-0: Foul Ball, location: 2F 1-1: Called Strike 1-2: Ball 2-2: Ground out 6-3 (Groundball, P, EV 83.1 MPH) T.J. Duvall to third John Pena to second
|
Batting: LHB Brian Nielsen
|
0-0: Called Strike 0-1: Ball 1-1: Ball Wild Pitch! T.J. Duvall scores John Pena to third 2-1: Called Strike 2-2: Ball 3-2: Fly out, F8 (Flyball, 89D, EV 96.2 MPH) Runner from 3rd tags up, OUT at HOME! 8-2
|
Top of the 2nd over - 1 run, 0 hits, 0 errors, 0 left on base; Kane County 1 - Binghamton 0 |
BOTTOM OF THE 2ND |
Binghamton Mets batting - Pitching for Kane County Cougars : RHP Eric Richards
|
Batting: RHB Joe Kooyers
|
0-0: Ball 1-0: Foul Ball, location: 2F 1-1: Ground out U3 (Groundball, 3, EV 93.8 MPH)
|
Batting: LHB Joel Soto
|
0-0: Called Strike 0-1: Ball 1-1: Foul Ball, location: 2F 1-2: Ball 2-2: Ground out 6-3 (Groundball, 6, EV 91.9 MPH)
|
Batting: LHB Willie Cintron
|
0-0: Fly out, F7 (Flyball, 7S, EV 92.5 MPH)
|
Bottom of the 2nd over - 0 runs, 0 hits, 0 errors, 0 left on base; Kane County 1 - Binghamton 0 |
TOP OF THE 3RD |
Kane County Cougars batting - Pitching for Binghamton Mets : RHP Salvatore Garcia
|
Batting: LHB Willie Gutierrez
|
0-0: Called Strike 0-1: Ball 1-1: Ground out 6-3 (Groundball, 6M, EV 101.2 MPH)
|
Batting: RHB Franklin Villanueva
|
0-0: Ball 1-0: Ball 2-0: Ball 3-0: Base on Balls
|
Pitching: LHP Matt Allert
|
|
Batting: LHB Kevin Ferguson
|
0-0: Ball 1-0: Fly out, F8 (Flyball, 8RS, EV 93.1 MPH)
|
Batting: RHB Dave Vargas
|
0-0: Called Strike 0-1: Ball 1-1: Called Strike 1-2: Ball 2-2: Foul Ball, location: 2F 2-2: Strikes out swinging
|
Top of the 3rd over - 0 runs, 0 hits, 0 errors, 1 left on base; Kane County 1 - Binghamton 0 |
BOTTOM OF THE 3RD |
Binghamton Mets batting - Pitching for Kane County Cougars : RHP Eric Richards
|
Batting: LHB Elmo Dreier
|
0-0: Ball 1-0: Ground out 4-3 (Groundball, 4, EV 84.4 MPH)
|
Batting: RHB Dave Conde
|
0-0: Called Strike 0-1: SINGLE (Groundball, 4M, EV 93.8 MPH)
|
Batting: LHB Jose Chavez
|
0-0: Called Strike 0-1: Ball 1-1: Called Strike Dave Conde steals 2nd base 1-2: Foul Ball, location: 2F 1-2: Ball 2-2: DOUBLE (Line Drive, 9LS, EV 113.8 MPH) Dave Conde scores
|
Batting: RHB Andy Solorzano
|
0-0: Ball 1-0: Ground out 4-3 (Groundball, 4, EV 100.6 MPH) Jose Chavez to third
|
Batting: LHB Nate Trahan
|
0-0: Foul Ball, location: 2F 0-1: Ball 1-1: SINGLE (Groundball, 4MS, EV 66.9 MPH) (infield hit) Jose Chavez scores
|
Batting: RHB Steve Dunaway
|
0-0: Ball 1-0: Called Strike 1-1: Ball 2-1: Called Strike 2-2: Ball 3-2: Strikes out swinging
|
Bottom of the 3rd over - 2 runs, 3 hits, 0 errors, 1 left on base; Kane County 1 - Binghamton 2 |
TOP OF THE 4TH |
Kane County Cougars batting - Pitching for Binghamton Mets : LHP Matt Allert
|
Batting: RHB Marlon Reda
|
0-0: Swinging Strike 0-1: Foul Ball, location: 2F 0-2: Ball 1-2: Strikes out swinging
|
Batting: LHB T.J. Duvall
|
0-0: SINGLE (Groundball, 34S, EV 73.1 MPH) (infield hit)
|
Batting: RHB John Pena
|
0-0: Hit by Pitch T.J. Duvall to second
|
Batting: RHB Curt Barrett
|
0-0: Ball 1-0: Ball 2-0: Ball 3-0: Base on Balls T.J. Duvall to third John Pena to second
|
Pinch Hitting: RHB Wes Santiago
|
0-0: Ball 1-0: Fly out, F8 (Flyball, 78XD, EV 93.1 MPH) Runner from 3rd tags up, SCORES, no throw by CF
|
Batting: LHB Willie Gutierrez
|
0-0: SINGLE (Groundball, 4MD, EV 97.5 MPH) John Pena to third Curt Barrett to second Runner from 3rd tries for Home, SAFE, throw by CF to home
|
Batting: RHB Franklin Villanueva
|
0-0: DOUBLE (Line Drive, 7LS, EV 91.2 MPH) Curt Barrett scores Willie Gutierrez to third Runner from 3rd tries for Home, throw by LF and OUT! 7-6-2
|
Top of the 4th over - 3 runs, 3 hits, 0 errors, 1 left on base; Kane County 4 - Binghamton 2 |
BOTTOM OF THE 4TH |
Binghamton Mets batting - Pitching for Kane County Cougars : RHP Eric Richards
|
Now at 2B: Jason Rivers
|
|
Batting: RHB Joe Kooyers
|
0-0: Ball 1-0: Ball 2-0: Called Strike 2-1: Ball 3-1: Base on Balls
|
Batting: LHB Joel Soto
|
0-0: Called Strike 0-1: Ball 1-1: Ball 2-1: Grounds into double play, 6-4-3 (Groundball, 6, EV 90.6 MPH)
|
Batting: LHB Willie Cintron
|
0-0: Ground out 3-1 (Groundball, 34S, EV 88.8 MPH)
|
Bottom of the 4th over - 0 runs, 0 hits, 0 errors, 0 left on base; Kane County 4 - Binghamton 2 |
TOP OF THE 5TH |
Kane County Cougars batting - Pitching for Binghamton Mets : LHP Matt Allert
|
Batting: LHB Kevin Ferguson
|
0-0: Ground out 6-3 (Groundball, 6, EV 101.2 MPH)
|
Batting: RHB Dave Vargas
|
0-0: Ball 1-0: Swinging Strike 1-1: Called Strike 1-2: Ground out 4-3 (Groundball, 4S, EV 78.8 MPH)
|
Batting: RHB Marlon Reda
|
0-0: SINGLE (Groundball, 4MD, EV 98.1 MPH)
|
Batting: LHB T.J. Duvall
|
0-0: Ball 1-0: Swinging Strike 1-1: Ball 2-1: Ground out 4-3 (Groundball, 4, EV 81.9 MPH)
|
Top of the 5th over - 0 runs, 1 hit, 0 errors, 1 left on base; Kane County 4 - Binghamton 2 |
BOTTOM OF THE 5TH |
Binghamton Mets batting - Pitching for Kane County Cougars : RHP Eric Richards
|
Batting: LHB Elmo Dreier
|
0-0: Foul Ball, location: 2F 0-1: SINGLE (Line Drive, 8RS, EV 104.4 MPH)
|
Batting: RHB Dave Conde
|
0-0: Ball Elmo Dreier is caught stealing 2nd base 2-4 1-0: Foul Ball, location: 2F 1-1: DOUBLE (Groundball, 5L, EV 105.6 MPH)
|
Batting: LHB Jose Chavez
|
0-0: Ball 1-0: Ball 2-0: Called Strike 2-1: Foul Ball, location: 2F 2-2: Strikes out swinging, 2-3 out at first.
|
Batting: RHB Andy Solorzano
|
0-0: Called Strike 0-1: Ball 1-1: Fly out, F4 (Flyball, 34D, EV 87.5 MPH)
|
Bottom of the 5th over - 0 runs, 2 hits, 0 errors, 1 left on base; Kane County 4 - Binghamton 2 |
TOP OF THE 6TH |
Kane County Cougars batting - Pitching for Binghamton Mets : LHP Matt Allert
|
Pitching: RHP Iwao Machida
|
|
Batting: RHB John Pena
|
0-0: Ground out 6-3 (Groundball, 6, EV 100.6 MPH)
|
Batting: RHB Curt Barrett
|
0-0: Swinging Strike 0-1: Ground out 6-3 (Groundball, 6, EV 90.6 MPH)
|
Batting: RHB Jason Rivers
|
0-0: Foul Ball, location: 2F 0-1: Ball 1-1: Ground out 5-3 (Groundball, 56, EV 101.9 MPH)
|
Top of the 6th over - 0 runs, 0 hits, 0 errors, 0 left on base; Kane County 4 - Binghamton 2 |
BOTTOM OF THE 6TH |
Binghamton Mets batting - Pitching for Kane County Cougars : RHP Eric Richards
|
Batting: LHB Nate Trahan
|
0-0: SINGLE (Groundball, 4MD, EV 97.5 MPH)
|
Batting: RHB Steve Dunaway
|
0-0: DOUBLE (Line Drive, 89M, EV 103.1 MPH) Nate Trahan to third
|
Batting: RHB Joe Kooyers
|
0-0: Ground out 4-3 (Groundball, 4, EV 81.2 MPH) Nate Trahan scores Steve Dunaway to third
|
Batting: LHB Joel Soto
|
0-0: Called Strike 0-1: Called Strike 0-2: Strikes out looking
|
Batting: LHB Willie Cintron
|
0-0: Ball 1-0: Ball 2-0: Swinging Strike 2-1: Swinging Strike 2-2: Foul Ball, location: 2F 2-2: Ball 3-2: Strikes out looking
|
Bottom of the 6th over - 1 run, 2 hits, 0 errors, 1 left on base; Kane County 4 - Binghamton 3 |
TOP OF THE 7TH |
Kane County Cougars batting - Pitching for Binghamton Mets : RHP Iwao Machida
|
Batting: LHB Willie Gutierrez
|
0-0: Foul Ball, location: 2F 0-1: Foul Ball, location: 2F 0-2: Foul Ball, location: 2F 0-2: Foul Ball, location: 2F 0-2: Fly out, F8 (Flyball, 8LD, EV 88.8 MPH)
|
Batting: RHB Franklin Villanueva
|
0-0: Foul Ball, location: 2F 0-1: SINGLE (Line Drive, 5D, EV 105.0 MPH)
|
Batting: LHB Kevin Ferguson
|
0-0: Ball 1-0: Called Strike 1-1: Ball 2-1: Ball Wild Pitch! Franklin Villanueva to second 3-1: Ground out 3-1 (Groundball, 34, EV 88.1 MPH) Franklin Villanueva to third
|
Batting: RHB Dave Vargas
|
0-0: Ball 1-0: Ball 2-0: Foul Ball, location: 2F 2-1: Foul Ball, location: 2F 2-2: Foul Ball, location: 2F 2-2: Ball 3-2: Ground out 4-3 (Groundball, 4, EV 86.2 MPH)
|
Top of the 7th over - 0 runs, 1 hit, 0 errors, 1 left on base; Kane County 4 - Binghamton 3 |
BOTTOM OF THE 7TH |
Binghamton Mets batting - Pitching for Kane County Cougars : RHP Eric Richards
|
Batting: LHB Elmo Dreier
|
0-0: Ball 1-0: Called Strike 1-1: Ball 2-1: Reached on error, E4 (Groundball, 4M, EV 93.1 MPH)
|
Batting: RHB Dave Conde
|
0-0: Ball 1-0: Ball 2-0: Swinging Strike 2-1: Called Strike 2-2: Foul Ball, location: 2F 2-2: Strikes out swinging
|
Batting: LHB Jose Chavez
|
0-0: Ball 1-0: Ball 2-0: Foul Ball, location: 2F 2-1: Ball 3-1: Foul Ball, location: 2F 3-2: Base on Balls
|
Pitching: RHP Joey Keim
|
|
Batting: RHB Andy Solorzano
|
0-0: Ball Elmo Dreier steals 3rd base Jose Chavez to second 1-0: Ball 2-0: Ball 3-0: Base on Balls
|
Batting: LHB Nate Trahan
|
0-0: Called Strike 0-1: Foul Ball, location: 2F 0-2: TRIPLE (Flyball, 9LD, EV 102.5 MPH) Elmo Dreier scores Jose Chavez scores Andy Solorzano scores
|
Batting: RHB Steve Dunaway
|
0-0: Ball 1-0: Fly out, F3 (Popup, 3S, EV 63.1 MPH)
|
Batting: RHB Joe Kooyers
|
0-0: Called Strike 0-1: Ball 1-1: Ball 2-1: Called Strike 2-2: Ball 3-2: Fly out, F8 (Flyball, 8RM, EV 81.9 MPH)
|
Bottom of the 7th over - 3 runs, 1 hit, 1 error, 1 left on base; Kane County 4 - Binghamton 6 |
TOP OF THE 8TH |
Kane County Cougars batting - Pitching for Binghamton Mets : RHP Iwao Machida
|
Pitching: RHP Francis Cornick
|
|
Batting: RHB Marlon Reda
|
0-0: Called Strike 0-1: Ball 1-1: Ground out 4-3 (Groundball, 34, EV 93.1 MPH)
|
Batting: LHB T.J. Duvall
|
0-0: Called Strike 0-1: Swinging Strike 0-2: Ball 1-2: Foul Ball, location: 2F 1-2: Ball 2-2: Ball 3-2: Ground out 4-3 (Groundball, 4, EV 88.8 MPH)
|
Batting: RHB John Pena
|
0-0: Foul Ball, location: 2F 0-1: Ball 1-1: Ball 2-1: Ball 3-1: Called Strike 3-2: Fly out, F8 (Flyball, 8RD, EV 104.4 MPH)
|
Top of the 8th over - 0 runs, 0 hits, 0 errors, 0 left on base; Kane County 4 - Binghamton 6 |
BOTTOM OF THE 8TH |
Binghamton Mets batting - Pitching for Kane County Cougars : RHP Joey Keim
|
Pitching: LHP Frank Rowe
|
|
Batting: LHB Joel Soto
|
0-0: Ball 1-0: Ground out 4-3 (Groundball, 4D, EV 108.8 MPH)
|
Batting: LHB Willie Cintron
|
0-0: Ball 1-0: Foul Ball, location: 2F 1-1: Ball 2-1: Swinging Strike 2-2: Strikes out looking
|
Batting: LHB Elmo Dreier
|
0-0: Called Strike 0-1: Swinging Strike 0-2: Ball 1-2: Ball 2-2: Foul Ball, location: 2F 2-2: Foul Ball, location: 2F 2-2: Strikes out swinging
|
Bottom of the 8th over - 0 runs, 0 hits, 0 errors, 0 left on base; Kane County 4 - Binghamton 6 |
TOP OF THE 9TH |
Kane County Cougars batting - Pitching for Binghamton Mets : RHP Francis Cornick
|
Pitching: RHP Amare Golden
|
|
Batting: RHB Curt Barrett
|
0-0: Ball 1-0: Foul Ball, location: 2F 1-1: Called Strike 1-2: Strikes out swinging
|
Pinch Hitting: LHB Ron Tipton
|
0-0: Called Strike 0-1: Foul Ball, location: 2F 0-2: SINGLE (Line Drive, 5L, EV 98.8 MPH)
|
Batting: LHB Willie Gutierrez
|
0-0: Called Strike 0-1: Ball 1-1: Called Strike 1-2: Ball 2-2: Foul Ball, location: 2F 2-2: Fielders Choice at 2nd, 5-4 (Groundball, 56, EV 103.8 MPH)
|
Batting: RHB Franklin Villanueva
|
0-0: Ball 1-0: Ball 2-0: Called Strike 2-1: Foul Ball, location: 2F 2-2: Foul Ball, location: 2F 2-2: Strikes out swinging
|
Top of the 9th over - 0 runs, 1 hit, 0 errors, 1 left on base; Kane County 4 - Binghamton 6 |
|